 Dungeon Crawl Stone Soup version 0.18-b1-10-g3f7de93 (webtiles) character file.

700 juanjsm the Sneak (level 7, -6/32 HPs)
             Began as a Spriggan Venom Mage on Apr 29, 2016.
             Was a Follower of Vehumet.
             Mangled by Zhenya25pyc's ghost (20 damage)
             ... in a sewer.
             The game lasted 00:28:57 (4520 turns).

juanjsm the Sneak (Spriggan Venom Mage)             Turns: 4520, Time: 00:28:57

Health: -6/32      AC:  2    Str:  4    XL:     7   Next: 38%
Magic:  16/16      EV: 20    Int: 18    God:    Vehumet [*.....]
Gold:   285        SH:  0    Dex: 17    Spells: 3 memorised, 11 levels left

rFire  . . .     SeeInvis +     w - +4 dagger
rCold  . . .     Gourm    .     a - +0 robe
rNeg   . . .     Faith    .     (shield restricted)
rPois  .         Spirit   .     (helmet restricted)
rElec  .         Dismiss  .     (no cloak)
rCorr  .         Reflect  .     (gloves unavailable)
SustAt +         Harm     +     (boots unavailable)
MR     +....     Rnd*Tele +     x - amulet of harm
Stlth  ++........               s - ring of sustain attributes
                                o - ring of teleportation

@: very quick, somewhat resistant to hostile enchantments, unstealthy
A: unfitting armour, see invisible, herbivore 3, speed 3, slow metabolism 2
a: Renounce Religion


You were in a sewer.
You worshipped Vehumet.
Vehumet was aware of your devotion.
You were not hungry.

You visited 1 branch of the dungeon, and saw 6 of its levels.
You also visited: Sewer.

You collected 285 gold pieces.

Inventory:

Hand Weapons
 h - a +0 hunting sling
 w - a +4 dagger (weapon)
Missiles
 g - 174 stones (quivered)
 m - 85 sling bullets
Armour
 a - a +0 robe (worn)
Jewellery
 o - a ring of teleportation (left hand)
 s - a ring of sustain attributes (right hand)
 x - an amulet of harm (around neck)
 D - a +2 ring of strength
Wands
 y - a wand of digging (3/24)
Scrolls
 d - a scroll of amnesia {unknown}
 e - 3 scrolls of enchant weapon {unknown}
 f - 3 scrolls of teleportation {unknown}
 l - a scroll of magic mapping
 p - a scroll of recharging {unknown}
 r - 2 scrolls of remove curse
 u - a scroll of blinking {unknown}
 C - a scroll of fog {unknown}
 E - 2 scrolls of identify
Potions
 i - 2 potions of heal wounds
 j - 2 potions of flight
 k - 2 potions of mutation {unknown}
 n - a potion of cure mutation {unknown}
 q - 2 potions of degeneration {unknown}
 t - 2 potions of brilliance {unknown}
 v - a potion of cancellation {unknown}
 z - 2 potions of magic {unknown}
 A - a potion of might {unknown}
Books
 b - a Young Poisoner's Handbook

   Spells                             Type                      Level
   a - Sting                          Conjuration/Poison           1
   b - Cure Poison                    Poison                       2
   c - Mephitic Cloud                 Conjuration/Poison/Air       3
   d - Olgreb's Toxic Radiance        Poison                       4
   e - Venom Bolt                     Conjuration/Poison           5
 B - a book of Envenomations

   Spells                             Type                      Level
   a - Spider Form                    Transmutation/Poison         3
   b - Olgreb's Toxic Radiance        Poison                       4
   c - Alistair's Intoxication        Transmutation/Poison         5
   d - Poisonous Cloud                Conjuration/Poison/Air       6


   Skills:
 + Level 0.5 Fighting
 + Level 0.7 Short Blades
 * Level 5.1 Dodging
 * Level 6.5 Stealth
 * Level 5.7 Spellcasting
 * Level 2.2 Conjurations
 + Level 0.3 Air Magic
 + Level 5.2 Poison Magic


You had 11 spell levels left.
You knew the following spells:

 Your Spells              Type           Power        Failure   Level  Hunger
a - Sting                 Conj/Pois      ###.         2%          1    None
b - Cure Poison           Pois           ###.......   1%          2    None
c - Mephitic Cloud        Conj/Pois/Air  ##......     14%         3    ##.....


Dungeon Overview and Level Annotations

Branches:
Dungeon (6/15)
 Temple: D:4-7

Altars:
Elyvilon
Nemelex Xobeh
Vehumet
The Shining One

Annotations:
D:4 ThereIsNoGod's ghost, amateur DsGl Sewer Zhenya25pyc's ghost, amateur GrFi


Innate Abilities, Weirdness & Mutations

You are tiny and cannot use many weapons and most armour.
You have supernaturally acute eyesight.
You are a herbivore.
You cover ground extremely quickly.
You need consume almost no food.


Message History

Moving in this stuff is going to be slow.
You enter the shallow water.
Moving in this stuff is going to be slow.
Zhenya25pyc's ghost ripples.
Zhenya25pyc's ghost closely misses you.
You enter the shallow water.
Moving in this stuff is going to be slow.
You enter the shallow water.
Moving in this stuff is going to be slow.
You enter the shallow water.
Moving in this stuff is going to be slow. 2 oozes come into view.
The ooze quivers.
The ooze quivers.
You enter the shallow water.
Moving in this stuff is going to be slow.
Zhenya25pyc's ghost hits you! Zhenya25pyc's ghost hits you!
Ouch! That really hurt!
You die...

#≈#≈#≈#≈# #≈#≈#≈ ≈# #†#≈#≈#≈#
#≈#≈#J J# #≈#≈#≈#≈# #†#≈#≈#≈#
#≈≈≈#≈.≈# #.≈≈#≈≈≈ ##≈###.##
##≈###≈# #≈# #≈# #≈# #.# #≈###≈#
#.###≈# #≈.≈≈≈# #≈≈.≈≈# ##≈≈≈##
##≈@W## #≈≈.# #.≈≈# #≈≈≈# #.≈.#
#.≈.## ##≈..# #....## ##....#
##### #..≈.≈#####≈.≈.≈# #####≈≈≈≈
####...≈.≈≈≈≈≈≈..########≈..≈≈###
≈.####≈≈≈≈≈≈≈≈.####.≈≈...≈###.≈≈≈
≈≈≈# ##.≈≈..≈≈## #≈.≈≈≈≈≈.# #####


You could see Zhenya25pyc's ghost.

Vanquished Creatures
  An ogre (D:4)
  A big kobold (Sewer)
  An orc priest (D:4)
  A giant frog skeleton (D:4)
  Jessica (D:2)
  Ijyb (D:2)
  3 worker ants (D:4)
  An iguana (D:6)
  An orc wizard (D:4)
  8 gnolls
  9 adders
  3 river rats
  5 oozes
  10 worms
  2 giant geckos (D:3)
  8 orcs
  7 bats
  4 giant cockroaches
  3 goblins
  6 hobgoblins
  5 jackals
  A quokka (D:2)
  5 ball pythons
  9 kobolds
  12 rats
108 creatures vanquished.

Vanquished Creatures (others)
  A dart slug (D:2)
1 creature vanquished.

Grand Total: 109 creatures vanquished

Notes
Turn   | Place    | Note
--------------------------------------------------------------
     0 | D:1      | juanjsm the Spriggan Venom Mage began the quest for the Orb.
     0 | D:1      | Reached XP level 1. HP: 9/9 MP: 5/5
   197 | D:1      | Reached XP level 2. HP: 7/13 MP: 0/6
   201 | D:1      | Learned a level 2 spell: Cure Poison
   723 | D:2      | Noticed Ijyb
   752 | D:2      | Killed Ijyb
   752 | D:2      | Reached XP level 3. HP: 11/16 MP: 1/8
   970 | D:2      | Found a white marble altar of Elyvilon.
  1006 | D:2      | Reached XP level 4. HP: 19/21 MP: 0/9
  1011 | D:2      | Learned a level 3 spell: Mephitic Cloud
  1228 | D:2      | Reached skill level 1 in Conjurations
  1308 | D:2      | Reached skill level 4 in Stealth
  1424 | D:2      | Reached XP level 5. HP: 10/24 MP: 0/11
  1468 | D:2      | Noticed Jessica
  1829 | D:2      | Killed Jessica
  2467 | D:4      | Noticed ThereIsNoGod's ghost (amateur DsGl)
  2668 | D:3      | Reached skill level 5 in Stealth
  2946 | D:5      | Entered Level 5 of the Dungeon
  2985 | D:5      | Noticed a phantom
  3120 | D:4      | Reached XP level 6. HP: 21/29 MP: 1/13
  3200 | D:4      | Found a sparkling altar of Nemelex Xobeh.
  3462 | D:4      | Reached skill level 6 in Stealth
  3462 | D:4      | Reached skill level 5 in Poison Magic
  3644 | D:6      | Noticed a slave
  3644 | D:6      | Noticed a slave
  3644 | D:6      | Noticed a slave
  3656 | D:6      | Reached skill level 5 in Spellcasting
  3734 | D:6      | Found a radiant altar of Vehumet.
  3738 | D:6      | Found a glowing golden altar of the Shining One.
  3745 | D:6      | Became a worshipper of Vehumet
  3757 | D:6      | Reached XP level 7. HP: 30/32 MP: 1/15
  3876 | D:6      | Found a glowing drain.
  3900 | Sewer    | Entered a sewer
  3928 | Sewer    | Noticed Zhenya25pyc's ghost (amateur GrFi)
  4305 | Sewer    | Reached skill level 5 in Dodging
  4416 | Sewer    | Reached * piety under Vehumet
  4416 | Sewer    | Offered knowledge of Shock by Vehumet.
  4520 | Sewer    | Mangled by Zhenya25pyc's ghost

Skill      XL: |  1  2  3  4  5  6  7 |
---------------+----------------------+-----
Spellcasting   | 3 4 5 |  5.7
Conjurations   | 1 2 |  2.2
Stealth        | 4 5 6 |  6.5
Dodging        | 4 5 |  5.1
Poison Magic   | 5 |  5.2
Fighting       | |  0.5
Short Blades   | |  0.7
Air Magic      | |  0.3

Action                   |  1- 3 |  4- 6 |  7- 9 || total
-------------------------+-------+-------+-------++-------
Melee: Dagger            |    21 |    85 |    42 ||   148
 Cast: Sting             |    50 |   112 |    42 ||   204
       Mephitic Cloud    |       |    11 |       ||    11
       Cure Poison       |       |       |     1 ||     1
  Use: Scroll            |       |     4 |       ||     4
 Stab: Sleeping          |     4 |    15 |     3 ||    22
       Confused          |       |     3 |       ||     3
  Eat: Bread ration      |       |       |     1 ||     1
Armor: Robe              |     5 |    15 |     3 ||    23
Dodge: Dodged            |    46 |    66 |    61 ||   173
